Map: Acropolis LE

Players

BigHushy - Winner!

  • Race: Protoss Protoss
  • League: Master
  • Spawn Location: 5:00

Mez

  • Race: Terran Terran
  • League: Master
  • Spawn Location: 11:00

VOD

Have the link to the VOD?

Description

Time

  • Played on: Aug. 19, 2019, 2:48 p.m.
  • Length: 11:20
Show
View Real Time Build Order
Export as new Build Order

BigHushy Protoss - Winner!

Build Orders: 1 Gate Expand, Archon Immortal, Blink Stalkers 

Get SALT Encoding   

  12  0:00  Probe  
  13  0:13  Probe  
  14  0:17  Pylon  
  14  0:23  Probe  
  15  0:31  Probe  
  15  0:39  Gateway  
  16  0:45  Probe, Assimilator  
  17  0:57  Probe  
  18  1:05  Probe  
  19  1:13  Probe  
  20  1:26  Cybernetics Core, Probe  
  21  1:36  Nexus  
  21  1:40  Probe  
  21  1:47  Pylon  
  22  1:53  Probe  
  23  1:55  Assimilator  
  23  1:57  Stalker  
  25  2:12  Warp Gate  
  25  2:14  Probe  
  25  2:25  Stalker  
  25  2:27  Probe  
  28  2:31  Pylon  
  28  2:39  Robotics Facility  
  28  2:41  Probe  
  29  2:48  Probe  
  29  2:53  Probe  
  29  2:56  Probe  
  31  3:03  Twilight Council  
  32  3:07  Probe  
  32  3:08  Probe  
  34  3:16  Probe  
  35  3:20  Probe  
  35  3:24  Probe  
  35  3:25  Blink  
  36  3:28  Immortal  
  36  3:32  Probe  
  36  3:33  Probe  
  43  3:43  Gateway  
  43  3:44  Probe  
  44  3:54  Probe  
  44  3:56  Probe  
  44  4:01  Stalker  
  44  4:02  Probe  
  48  4:06  Assimilator  
  48  4:07  Warp Prism  
  48  4:08  Probe  
  52  4:12  Probe  
  53  4:20  Probe  
  54  4:27  Pylon  
  54  4:29  Pylon  
  54  4:41  Probe  
  54  4:45  Probe  
  54  4:52  Assimilator  
  55  4:53  Stalker x2, Probe  
  55  4:57  Probe  
  55  4:59  Nexus  
  61  5:01  Pylon  
  61  5:05  Probe  
  62  5:09  Pylon  
  62  5:10  Probe  
  62  5:12  Forge  
  63  5:16  Charge  
  63  5:28  Stalker x2  
  67  5:29  Probe x2  
  69  5:35  Forge  
  69  5:37  Forge  
  69  5:41  Probe, Pylon  
  68  5:47  Probe  
  69  5:53  Probe  
  70  5:59  Probe  
  71  6:06  Probe  
  72  6:12  Probe  
  72  6:13  Protoss Ground Armor Level 1, Protoss Ground Weapons Level 1  
  72  6:15  Stalker x2  
  72  6:18  Probe  
  78  6:22  Gateway  
  78  6:23  Gateway  
  78  6:24  Probe  
  79  6:27  Gateway x2  
  79  6:30  Probe  
  79  6:31  Immortal  
  84  6:36  Probe  
  83  6:42  Probe  
  84  6:55  Probe  
  84  6:56  Probe  
  84  6:57  Zealot, Probe  
  84  6:58  Zealot  
  91  7:05  Probe  
  91  7:06  Assimilator  
  91  7:08  Probe x2, Assimilator, Pylon  
  93  7:10  Templar Archives  
  93  7:11  Pylon x2  
  93  7:15  Probe  
  94  7:20  Probe x2  
  94  7:22  Zealot x5  
  107  7:28  Immortal  
  107  7:32  Zealot, Probe x2  
  115  7:38  Psionic Storm  
  115  7:39  Robotics Facility  
  115  7:50  Zealot x5  
  125  7:52  Assimilator  
  125  7:53  Nexus, Pylon  
  115  8:05  High Templar  
  115  8:12  Gateway  
  117  8:13  Immortal  
  117  8:15  Gateway  
  117  8:16  Gateway  
  117  8:17  Gateway  
  117  8:18  Gateway  
  117  8:20  High Templar, Protoss Ground Weapons Level 2, Protoss Ground Armor Level 2  
  117  8:21  High Templar x4  
  117  8:26  Immortal, Archon  
  117  8:27  Archon  
  135  8:42  Zealot  
  137  8:55  Zealot x2  
  141  9:05  Immortal x2  
  137  9:19  Archon  
  137  9:21  Zealot x11  
  149  9:28  Probe x2  
  150  9:31  Probe x2  
  150  9:36  Probe x2  
  153  9:39  Assimilator  
  153  9:42  Gateway  
  153  9:43  Probe  
  153  9:44  Pylon, Gateway x2  
  153  9:45  Pylon  
  156  9:46  Pylon  
  156  10:02  Warp Prism  
  158  10:09  Pylon x2  
  158  10:11  Pylon  
  158  10:12  High Templar x11  
  180  10:19  Archon x3  
  180  10:20  Archon  
  180  10:21  Archon  
  176  10:44  Zealot x9  
  176  10:45  Zealot x2  
  129  11:16  Zealot x9  
  129  11:17  Zealot x5  
Show
View Real Time Build Order
Export as new Build Order

Mez Terran 

Build Orders: Reaper Expand 

Get SALT Encoding   

  12  0:01  SCV  
  13  0:13  SCV  
  14  0:17  Supply Depot  
  14  0:25  SCV  
  15  0:38  SCV  
  15  0:41  Barracks  
  16  0:45  Refinery  
  16  0:51  SCV  
  17  1:05  SCV  
  18  1:17  SCV  
  19  1:32  Orbital Command  
  19  1:33  Reaper  
  20  1:42  Command Center  
  20  1:59  SCV  
  21  2:10  Marine  
  21  2:12  SCV  
  23  2:21  Bunker  
  23  2:24  Supply Depot  
  23  2:31  Barracks Reactor  
  23  2:34  Command Center  
  23  2:45  Factory  
  23  2:48  SCV  
  24  3:01  SCV  
  24  3:03  Orbital Command  
  25  3:07  Marine x2  
  27  3:13  SCV  
  27  3:18  Refinery  
  28  3:25  SCV  
  28  3:26  Marine x2  
  31  3:29  SCV  
  31  3:31  Widow Mine  
  34  3:35  Starport  
  34  3:37  SCV  
  35  3:42  SCV  
  35  3:48  Orbital Command  
  36  3:50  SCV  
  36  3:51  Refinery, Marine  
  38  4:00  Marine  
  38  4:02  Widow Mine  
  40  4:03  SCV  
  40  4:04  SCV  
  42  4:14  Marine  
  42  4:15  Starport Tech Lab  
  42  4:16  SCV x2  
  45  4:17  Marine  
  45  4:18  SCV  
  45  4:22  Supply Depot  
  49  4:29  Factory Tech Lab  
  49  4:30  SCV x2  
  49  4:37  Raven  
  51  4:40  SCV, Barracks  
  51  4:42  SCV  
  51  4:43  Marine x2  
  55  4:47  Supply Depot  
  55  4:48  Siege Tank  
  57  4:53  SCV x2  
  57  4:59  Barracks  
  59  5:01  Marine x2  
  59  5:02  SCV  
  59  5:05  Refinery, SCV  
  63  5:14  SCV x2, Supply Depot  
  65  5:26  Engineering Bay x2, SCV  
  65  5:27  Siege Tank  
  69  5:29  Starport Reactor  
  69  5:31  Marine x2  
  71  5:36  SCV  
  71  5:39  Supply Depot  
  71  5:41  Stimpack, Marauder  
  74  5:44  SCV x2  
  74  5:53  Barracks  
  74  5:54  Barracks  
  70  6:00  Marine x2  
  68  6:09  SCV x2  
  69  6:13  Terran Infantry Armor Level 1, Terran Infantry Weapons Level 1  
  69  6:14  Supply Depot  
  69  6:16  Supply Depot, Factory Reactor  
  69  6:22  Combat Shield, Marine x2, Marauder x2  
  75  6:29  Medivac x2  
  75  6:30  Orbital Command  
  75  6:32  SCV x2  
  81  6:41  Marine x2  
  81  6:43  Marauder  
  82  6:47  Barracks Reactor  
  81  6:55  SCV x3  
  81  7:01  Supply Depot x2  
  84  7:02  Supply Depot  
  84  7:03  Supply Depot  
  84  7:07  SCV, Marine x2  
  84  7:08  Marauder x2  
  91  7:18  Widow Mine x2  
  95  7:25  SCV x3, Marine x2  
  95  7:28  Refinery  
  95  7:29  Medivac  
  104  7:30  Viking  
  104  7:33  Marine x2, Marauder x2  
  104  7:35  Starport  
  104  7:36  Barracks Tech Lab  
  110  7:37  SCV  
  110  7:38  SCV x2  
  113  7:47  Concussive Shells  
  113  7:48  Armory, Marine x2  
  115  7:54  Marauder  
  115  7:55  Marauder  
  119  8:00  Widow Mine x2  
  119  8:03  SCV x2  
  119  8:04  SCV  
  126  8:12  Marine x3, Marauder, Supply Depot  
  131  8:13  Refinery, Supply Depot  
  131  8:16  Starport Reactor, Supply Depot  
  131  8:17  Ghost Academy, Medivac x2  
  135  8:24  Marine  
  135  8:25  Marauder x2  
  140  8:29  SCV  
  140  8:33  SCV x2, Marine x2  
  140  8:34  Widow Mine x2  
  149  8:39  Supply Depot  
  149  8:47  Marine, Marauder  
  149  8:48  Marauder  
  154  8:56  Marine x2  
  154  8:57  Marine, Marauder  
  158  9:04  Barracks x3  
  158  9:09  Marauder  
  160  9:14  Liberator x4  
  113  9:28  Marine x4, Marauder x2  
  113  9:30  Widow Mine x2, Marine  
  131  9:50  Command Center  
  131  9:54  Barracks Reactor  
  131  9:55  Ghost x2, Barracks Tech Lab x2  
  131  9:57  Ghost  
  131  9:59  Marine x2  
  137  10:12  Supply Depot  
  137  10:18  Missile Turret  
  135  10:26  Sensor Tower  
  112  10:58  Marine  
  112  10:59  Marine x7, Marauder  
Tags
 
Add a new tag
Caveats
  • Supply blocks, unpowered buildings, or Contaminate may cause inaccurate times.
  • Supply counts are checked every 10 seconds.